 Dungeon Crawl Stone Soup version 0.30.0 (webtiles) character file.

Game seed: 854342618900933596

159 Ic0nGaming the Cudgeller (level 5, -7/45 HPs)
             Began as a Hill Orc Monk on May 6, 2023.
             Was a Believer of Uskayaw.
             Killed by nerve-wracking pain
             ... invoked by an orc priest
              (13 damage)
             ... on level 4 of the Dungeon.
             The game lasted 00:05:47 (2794 turns).

Ic0nGaming the Cudgeller (Hill Orc Monk)            Turns: 2794, Time: 00:05:48

Health: -7/45      AC:  8    Str: 15 (16) XL:     5   Next: 40%
Magic:  5/5        EV:  7    Int:  8 (10) God:    Uskayaw [**....]
Gold:   66         SH:  6    Dex: 10 (13) Spells: 4/4 levels left

rFire   . . .        v - +0 flail (heavy)
rCold   + . .        i - +0 kite shield
rNeg    . . .        e - +0 scale mail
rPois   .            (no helmet)
rElec   .            r - +0 cloak
rCorr   .            (no gloves)
SInv    +            n - +0 pair of boots
Will    .....        (no amulet) Stlth
                     f - ring of see invisible
HPRegen 0.27/turn    h - ring of protection from cold
MPRegen 0.09/turn

%: no passive effects
@: no status effects
A: no striking features
a: Renounce Religion, Convert to Beogh, Stomp, Line Pass


You were on level 4 of the Dungeon.
You worshipped Uskayaw.
Uskayaw was noncommittal.
You visited 1 branch of the dungeon, and saw 4 of its levels.

You collected 164 gold pieces.
You spent 98 gold pieces at shops.

Inventory:

Hand Weapons
 a - a +0 mace
 b - a +1 dagger of venom
 u - a +4 vampiric long sword
 v - a +0 heavy flail (weapon)
Missiles
 o - an atropa-tipped dart (quivered)
Armour
 e - a +0 scale mail (worn)
 i - a +0 kite shield (worn)
 n - a +0 pair of boots (worn)
 r - a +0 cloak (worn)
Jewellery
 f - a ring of see invisible (left hand)
 h - a ring of protection from cold (right hand)
 p - a ring of flight
Scrolls
 j - 2 scrolls of magic mapping
Potions
 c - a potion of ambrosia
 g - a potion of haste {unknown}
 k - a potion of might
 l - a potion of heal wounds {unknown}
 q - a potion of cancellation
 s - a potion of degeneration
 t - a potion of brilliance {unknown}


   Skills:
 - Level 3.6 Fighting
 + Level 6.5 Maces & Flails
 - Level 2.4 Dodging


You had 4 spell levels left.
You didn't know any spells.
Your spell library contained the following spells:

 Spells                   Type           Power      Damage    Failure   Level
 Apportation              Tloc           0%         N/A       100%        1
 Necrotise                Necr           0%         1d4       100%        1
 Shock                    Conj/Air       0%         1d3       100%        1
 Summon Small Mammal      Summ           0%         N/A       100%        1
 Swiftness                Air            0%         N/A       100%        3
 Airstrike                Air            0%         2d(0-16)  100%        4


Dungeon Overview and Level Annotations

Branches:
Dungeon (4/15)             Temple (0/1) D:4

Altars:
Cheibriados
Uskayaw

Shops:
D:4 ![(


Message History

The orc priest is moderately wounded.
The orc wizard hits you with a +3 dagger of venom.
You are poisoned.
The orc priest calls upon Beogh to heal the orc priest.
The orc priest is healed somewhat.
The orc priest hits you with a +0 whip.
The orc priest hits you but does no damage.
The orc wizard hits you with a +3 dagger of venom.
* * * LOW HITPOINT WARNING * * *
You are lethally poisoned!
You can now pass through a line of other dancers.
Unknown command.
You feel better.
The orc priest hits you but does no damage.
The orc priest invokes the aid of Beogh against you.
Pain shoots through your body!
* * * LOW HITPOINT WARNING * * *
The orc wizard closely misses you.
Unknown command.
Okay, then.
You feel very buoyant.
You fly up into the air.
The orc priest mumbles some strange prayers to Beogh against you.
You barely resist. The orc priest barely misses you.
The orc wizard points at you and mumbles some strange words.
The magic dart hits you but does no damage.
It was a potion of cancellation.
Your magical effects are unravelling.
You feel magically purged.
You float gracefully downwards.
The orc priest hits you with a +0 club.
* * * LOW HITPOINT WARNING * * *
The orc priest hits you with a +0 whip.
* * * LOW HITPOINT WARNING * * *
The orc wizard closely misses you.
The orc priest shouts, "Join the one true god or die!"
It was a potion of degeneration.
There was something very wrong with that liquid.
You feel weakened.
You feel dopey.
You feel clumsy.
The orc priest invokes the aid of Beogh against you.
Pain shoots through your body!
You die...

###.....#...§..# #.....#
.......##..>§..#...#.....#
######.##.§§...#(..#.....#
######.##......#...#....##
..........#....#...#....##
#########......#..(#.....#
####...#o..#.....#
#...#oo.#....##
#...#@o.#....##
#...#...#..)..#
#...#...####..##
#...#...###8..8##
#...#.......>...#
#...#....#......#
######...#....##8..8##
##........#....###..##
#..####.).#....# ####


You could see 2 orc priests, an orc wizard (invisible) and an orc.

Vanquished Creatures
  Crazy Yiuf (D:3)
  An iguana (D:4)
  Natasha (D:4)
  2 adders (D:2)
  A worm (D:4)
  2 dart slugs
  3 orcs
  6 ball pythons
  4 bats
  4 endoplasms
  4 giant cockroaches
  5 goblins
  3 hobgoblins
  6 kobolds
  5 quokkas
  4 rats
52 creatures vanquished.

Notes
Turn   | Place    | Note
-------+----------+-------------------------------------------
     0 | D:1      | Ic0nGaming the Hill Orc Monk began the quest for the Orb.
     0 | D:1      | Reached XP level 1. HP: 19/19 MP: 1/1
   264 | D:1      | Reached XP level 2. HP: 25/26 MP: 2/2
   344 | D:1      | Reached skill level 4 in Maces & Flails
   806 | D:2      | Reached XP level 3. HP: 29/31 MP: 3/3
   962 | D:2      | Reached skill level 5 in Maces & Flails
  1060 | D:2      | Found a faded altar of an unknown god.
  1163 | D:2      | Prayed at the altar of an unknown god.
  1163 | D:2      | Became a worshipper of Uskayaw the Reveller
  1163 | D:2      | Reached * piety under Uskayaw
  1163 | D:2      | Reached ** piety under Uskayaw
  1598 | D:3      | Reached XP level 4. HP: 39/39 MP: 4/4
  2065 | D:3      | Found a runed translucent door.
  2066 | D:3      | Noticed Crazy Yiuf
  2076 | D:3      | Killed Crazy Yiuf
  2239 | D:4      | Found Hufif's Weapon Shoppe.
  2239 | D:4      | Found Cifaochi's Armour Shoppe.
  2239 | D:4      | Found Jyeha's Distillery.
  2243 | D:4      | Bought a +0 flail for 35 gold pieces
  2309 | D:4      | Reached skill level 6 in Maces & Flails
  2309 | D:4      | Reached XP level 5. HP: 28/45 MP: 5/5
  2372 | D:4      | Found a staircase to the Ecumenical Temple.
  2542 | D:4      | Bought a +0 kite shield for 63 gold pieces
  2576 | D:4      | Found a snail-covered altar of Cheibriados.
  2626 | D:4      | Noticed Natasha
  2634 | D:4      | Killed Natasha
  2794 | D:4      | Killed from afar by an orc priest

Illustrated notes

Levels and vault maps discovered:
D:1:      scummos_arrival_gate, layout_basic
D:2:      layout_rooms, hellmonk_ecumenical_altar_inner_sanctum,
          minmay_pentomino_u2
D:3:      layout_loops_ring, uniq_crazy_yiuf_cottage
D:4:      layout_gridville, slow_altar_2, minmay_temple_entry_purple_smoke,
          minmay_large_rounded_square, st_stairs_6,
          nicolae_shop_distant_corner_stores, kennysheep_generic_room_2,
          uniq_natasha

Skill      XL: |  1  2  3  4 |
---------------+-------------+-----
Maces & Flails | 4 5 6 |  6.5
Fighting       | |  3.6
Dodging        | |  2.4

Action                     |  1- 3 |  4- 6 || total
---------------------------+-------+-------++-------
  Melee: Mace              |   110 |    17 ||   127
         Flail             |       |    37 ||    37
         Long sword        |       |    10 ||    10
  Throw: Dart              |       |     3 ||     3
    Use: Scroll            |     6 |     4 ||    10
         Potion            |       |     5 ||     5
 Armour: Robe              |     2 |       ||     2
         Scale mail        |    57 |    24 ||    81
  Dodge: Dodged            |    61 |    32 ||    93
  Block: Buckler           |    18 |    11 ||    29
         Kite shield       |       |    10 ||    10
